[Event "German Rapid Championship 2022"]
[Site "Goettingen"]
[Date "2022.09.24"]
[Round "3.6"]
[White "Feuerstack, Aljoscha"]
[Black "Woelk, Tom-Frederic"]
[Result "1/2-1/2"]
[ECO "B22"]
[WhiteElo "2464"]
[BlackElo "2289"]
[Annotator "TA"]
[PlyCount "218"]
[EventDate "2022.09.24"]
[EventType "swiss"]
[EventCountry "GER"]
[SourceTitle "playchess.com"]
[Source "ChessBase"]
[SourceQuality "1"]
[TimeControl "900+10"]

1. e4 c5 2. c3 d5 3. exd5 Qxd5 4. d4 Nf6 5. Nf3 e6 6. Na3 a6 7. Nc4 {[%emt 0:00:23] Strongly threatening Nb6.} Qd8 {[%emt 0:00:06] Inhibits Nb6. B22: Sicilian: 2 c3.} 8. Be2 Nc6 9. O-O (9. Nfe5 {looks sharper.} Nxe5 10. dxe5 Qxd1+ 11. Kxd1 Nd5 12. a4) 9... cxd4 {[%emt 0:00:03] White has an edge.} 10. Nxd4 {[%emt 0:00:02] has lost popularity (10.cxd4).} Nxd4 11. Qxd4 Qxd4 12. cxd4 Bd7 13. Bf3 Bc6 14. Bxc6+ bxc6 15. Be3 Nd5 16. Rac1 Rc8 (16... a5 $11 {deserves consideration.}) 17. Ne5 c5 {[%emt 0:00:25] [#]} 18. dxc5 $146 (18. Rc2 $14) ({Predecessor:} 18. Rc2 Bd6 19. Nd3 c4 20. Rfc1 Nb6 21. Ne5 Ke7 22. Nxc4 Nxc4 23. Rxc4 Rxc4 24. Rxc4 {1-0 (40) Jones,G (2647)-Madebrink,L (2212) Lund 2015}) 18... Nxe3 $11 19. fxe3 Rxc5 20. Nd3 Rd5 21. Nf4 Rc5 22. Nd3 Rd5 23. Rfd1 Be7 24. Rc8+ Bd8 25. Ra8 a5 26. Kf1 O-O 27. Nf2 Rxd1+ 28. Nxd1 {[%emt 0:00:01][%mdl 4096] Endgame KRB-KRN} Bc7 29. Ra7 Rc8 30. Ke2 g5 31. h3 h6 32. b3 Kg7 33. Ra6 Bd8 34. Kd2 {[%emt 0:00:24] Inhibits Rc2+.} Rc5 35. Nb2 Rd5+ 36. Ke2 Kf6 37. Nc4 Rc5 (37... h5 $14) 38. Kd3 (38. g4 $16) 38... Rd5+ $14 39. Ke2 (39. Ke4 $14) 39... Rc5 $16 40. Ra7 (40. g4 $16) 40... Kg6 (40... h5 $14) 41. Ra8 $1 {[%emt 0:00:27] White is more active.} Bc7 42. Rc8 (42. a4 $16) 42... a4 $1 $11 43. e4 axb3 44. axb3 f5 $1 45. Kd3 fxe4+ 46. Kxe4 Kf6 47. Rf8+ Kg7 48. Rc8 Kf6 49. g4 Kf7 50. Rh8 Kg7 51. Rc8 Kf7 52. Kf3 Kf6 53. Ke2 Kf7 54. Rh8 Kg7 55. Rc8 Kf7 56. Ne3 Ke7 57. b4 Rc6 58. Rh8 Bf4 59. Rxh6 Rc3 60. Ng2 Rc2+ 61. Kf3 Bd6 62. Rh7+ Kf6 63. Rh6+ Ke7 64. Rh5 Bxb4 65. Rxg5 Rc3+ 66. Ne3 Bc5 67. Re5 Kd6 (67... Bd4 $5 68. Re4 $8 e5 $16) 68. Re4 e5 69. h4 Ke6 70. g5 {[%emt 0:00:09] And now h5 would win.} Bd4 71. Ke2 {[%emt 0:00:41] aiming for g6.} Ra3 {[%emt 0:00:40] [#]} (71... Bxe3 $11 72. Rxe3 Rc4) 72. Nc2 $1 $16 Ra2 73. Kd3 Bc5 $2 {[%emt 0:00:08] [#]} (73... Bb6 $16 {was worth a try.}) 74. Rc4 $1 $18 Be7 75. Ke4 Rb2 $2 (75... Ra8 {was called for.} 76. Rc6+ Kd7) 76. Ne3 Rh2 77. Kf3 $2 (77. Nf5 $18) 77... Rh3+ $11 78. Kf2 Bd8 $2 (78... Kf7 $1 $11 {and Black is okay.}) 79. Rc6+ (79. Ra4 $18) 79... Kf7 $2 (79... Kd7 $16 80. Rh6 e4) 80. Nf5 (80. g6+ $142 Kf8 81. Rc8) 80... e4 81. Kg2 Rf3 82. g6+ Kg8 83. Rc5 Rxf5 84. Rxf5 Bxh4 $18 {[%emt 0:00:00] KR-KB} 85. Rf7 $2 (85. Rf4 Be7 86. Rxe4) 85... e3 86. Kf3 Bg5 87. Ke2 Bh6 88. Kd3 $2 (88. Rd7 Bg5 89. Ra7) 88... Bg5 89. Ke2 Bh6 90. Rh7 $2 (90. Rd7 Kf8 91. Rb7) 90... Bg5 91. Kf3 $2 (91. Rf7 Kh8 92. Kf3) 91... Kf8 92. Rb7 $2 (92. Ke2 Kg8 93. Rb7) 92... Kg8 93. Rf7 $2 (93. Ke2 Bf4 94. Rf7) 93... Bh6 94. Kg4 $2 (94. Ke2 Bg5 95. Kf3) 94... Bf8 95. Rf5 $2 (95. Kf3 Bh6 96. Re7) 95... Kg7 $11 96. Kh5 $2 (96. Rf7+ Kg8 97. Kf3) 96... Bd6 97. Rf7+ Kg8 98. Rf6 $2 (98. Rd7 Bf8 99. Rd8) 98... Bc5 99. Rc6 $2 (99. Re6 Kg7 100. Re4) 99... Bd4 100. Rd6 $2 (100. Re6 Bc5 101. Re5) 100... Bc5 101. Rd5 $2 (101. Re6 Kg7 102. Re5) 101... Bb4 102. Rd8+ $2 ({White should try} 102. Re5 Bd2 103. Re7) 102... Kg7 103. Rd7+ Kg8 104. g7 $2 ({White should play} 104. Rd8+ Bf8 105. Re8) 104... Kh7 $1 {[%emt 0:00:56] The position is equal.} 105. g8=Q+ Kxg8 106. Kg6 Kf8 $1 107. Rf7+ Ke8 {[%emt 0:00:06] Hoping for ...e2.} 108. Rf3 Bc5 {[%emt 0:00:04] White must now prevent ...e2.} 109. Rxe3+ Bxe3 {Black defended with fortune.  Weighted Error Value: White=0.11 (very precise) /Black=0.06 (flawless)} 1/2-1/2

[Event "German Rapid Championship 2022"]
[Site "Goettingen"]
[Date "2022.09.24"]
[Round "3.7"]
[White "Spiess, Gunter"]
[Black "Cofmann, Veaceslav"]
[Result "1-0"]
[ECO "A56"]
[WhiteElo "2384"]
[BlackElo "2250"]
[Annotator "TA"]
[PlyCount "71"]
[EventDate "2022.09.24"]
[EventType "swiss"]
[EventCountry "GER"]
[SourceTitle "playchess.com"]
[Source "ChessBase"]
[SourceQuality "1"]
[TimeControl "900+10"]

1. d4 Nf6 2. c4 c5 3. Nf3 e6 4. d5 exd5 5. cxd5 Bd6 6. Nc3 O-O 7. Bg5 Re8 8. e3 {[%emt 0:00:02][%cal Be2e3,Be3e4][%mdl 32] A60: Modern Benoni: Early Divergences.} Bf8 9. Bd3 d6 10. h3 {[%emt 0:00:21] White is better.} Nbd7 11. O-O {[%emt 0:00:08] White has more active pieces.} a6 12. a4 {[%emt 0:00:01] Prevents b5.} g6 13. e4 {[%emt 0:00:08] White leaves nothing to chance now.} Bg7 {[%emt 0:00:24] [#]} 14. Nd2 $146 ({Predecessor:} 14. Qd2 Rb8 15. Rab1 Qc7 16. b4 c4 17. Bc2 b5 18. axb5 axb5 19. Nd4 Ba6 20. Kh1 {0-1 (64) Albayrak,E (1707)-Oztekin,K (1936) Konya 2018}) 14... h6 15. Bh4 Qc7 (15... Ne5 $14 16. Be2 g5) 16. f4 $16 Rb8 17. Kh1 Nh7 18. Bg3 b6 19. Qe2 Ra8 (19... Bb7 $16 {keeps fighting.} 20. Bxa6 Bxc3 21. bxc3 Bxd5) 20. Nc4 $18 Qb8 21. Qf3 Bb7 (21... Ra7 $142 22. e5 dxe5) 22. f5 {[%emt 0:00:31] [#] fxg6 is the strong threat.} (22. e5 dxe5 23. Rae1 (23. fxe5 Ng5 $16) 23... e4 24. Bxe4 (24. Rxe4 Rxe4 25. Bxe4 f5 $16) 24... f5 $16) 22... Ng5 23. Qg4 {[%emt 0:00:37] aiming for fxg6.} Nf6 24. Qh4 {[%emt 0:00:15] Black must now prevent fxg6.} ({Not} 24. Bxd6 Nxg4 25. Bxb8 b5 26. axb5 (26. hxg4 $2 bxc4 27. Bc7 cxd3 $19) 26... axb5 $14) 24... Ngh7 $2 (24... Nf3 25. gxf3 g5) 25. fxg6 {[%emt 0:00:15] White is clearly winning.} fxg6 26. Bxd6 Qd8 27. Bh2 Bf8 28. Qg3 g5 29. Rad1 b5 30. axb5 axb5 31. Nxb5 Nxe4 32. Qf3 {[%emt 0:00:33] [#] Strongly threatening Qf7+.} Nhf6 33. Bxe4 Rxe4 34. Ncd6 {[%emt 0:00:11][%cal Bc4d6,Bd6b7,Bb7d6][%mdl 32] Pair of Knights!} Rb4 35. Nxb7 Qb6 36. N7d6 {[%emt 0:00:12] Weighted Error Value: White=0.12 (very precise) /Black=0.43} 1-0

[Event "German Rapid Championship 2022"]
[Site "Goettingen"]
[Date "2022.09.24"]
[Round "3.8"]
[White "Kopylov, Michael"]
[Black "Schenderowitsch, Michael"]
[Result "1/2-1/2"]
[ECO "A40"]
[WhiteElo "2371"]
[BlackElo "2292"]
[Annotator "TA"]
[PlyCount "58"]
[EventDate "2022.09.24"]
[EventType "swiss"]
[EventCountry "GER"]
[SourceTitle "playchess.com"]
[Source "ChessBase"]
[SourceQuality "1"]
[TimeControl "900+10"]

1. d4 e6 2. g3 c5 3. Nf3 b5 4. Bg2 Bb7 5. O-O Nf6 6. b3 Na6 {[%emt 0:00:18] A46: 1 d4 Nf6 2 Nf3 e6: Torre, London and Colle Systems.} 7. Bb2 Be7 8. Nbd2 O-O {[%emt 0:00:09] The position is equal.} 9. c4 b4 {[%emt 0:00:53] [#]} (9... bxc4 $11 10. Nxc4 d5) 10. d5 $146 ({White should play} 10. e3 $14) ({Predecessor:} 10. dxc5 Nxc5 11. Ne5 Bxg2 12. Kxg2 Qb6 13. Nd3 Qb7+ 14. Kg1 Nfe4 15. Nxe4 Nxe4 16. f3 {½-½ (24) Vaculik,M (1893)-Borkovec,M (2188) Ceske Budejovice 2022}) 10... exd5 $15 11. Nh4 Rb8 (11... g6 {feels stronger.}) 12. cxd5 (12. Nf5 $5 ) 12... Nxd5 13. Nc4 (13. Nf5 $11) 13... Nc3 $17 14. Bxc3 bxc3 15. Bxb7 Rxb7 16. Qd5 Rc7 {[%emt 0:01:39] [#] Hoping for ...Nb4.} 17. a3 {[%emt 0:00:05] Inhibits Nb4.} (17. Nf5 $17 {was worth a try.}) 17... Bxh4 $19 18. gxh4 Qxh4 (18... Rc6 $19 19. Ne5 Re6) 19. Rac1 $17 Qg4+ 20. Kh1 Qe6 (20... Rc6 $142 21. Ne3 Qxe2) 21. Rfd1 Qxe2 22. Rxc3 {[%emt 0:00:16] [#]} Qe6 ({Much weaker is} 22... Qxf2 $6 23. Rf3 Qe2 24. Re3 $11) (22... Rc6 $1 $17 {...Rf6 is the strong threat.} 23. Qd2 Qe4+ 24. f3 Qh4 25. Qxd7 (25. Ne5 $2 Re6 $19) 25... Re6) 23. Re3 Qxd5+ (23... Qf6 {is more complex.} 24. Rf3 Qc6 25. Kg2 Qxd5 26. Rxd5 f6) 24. Rxd5 Nb8 25. Re7 Rb7 26. Re3 Rc7 27. Re7 Rb7 28. Re3 Rc7 29. Re7 g6 {White happily takes the draw.  Weighted Error Value: White=0.24 (precise) /Black=0.26 (precise)} 1/2-1/2

[Event "German Rapid Championship 2022"]
[Site "Goettingen"]
[Date "2022.09.24"]
[Round "3.9"]
[White "Reichmann, Hendrik"]
[Black "Serrer, Christoph"]
[Result "1/2-1/2"]
[ECO "A45"]
[WhiteElo "2307"]
[BlackElo "2251"]
[Annotator "TA"]
[PlyCount "102"]
[EventDate "2022.09.24"]
[EventType "swiss"]
[EventCountry "GER"]
[SourceTitle "playchess.com"]
[Source "ChessBase"]
[SourceQuality "1"]
[TimeControl "900+10"]

1. d4 Nf6 2. Bf4 d5 3. Nc3 a6 4. e3 e6 5. g4 Bb4 6. f3 {[%emt 0:03:22] Against Ne4. D00: 1 d4 d5: Unusual lines.} c5 7. Nge2 Nc6 {[%emt 0:01:43] [#]} (7... cxd4 $15 {was preferrable.} 8. exd4 Nc6) 8. Qd2 $146 (8. a3 $5 Bxc3+ 9. Nxc3 $11) ({Predecessor:} 8. a3 Bxc3+ 9. Nxc3 Qb6 10. Na4 Qa5+ 11. c3 c4 12. b4 cxb3 13. Qxb3 Nd7 14. Bd6 {0-1 (35) Gelman,A (2403)-Lazavik,D (2472) Chess.com INT 2022}) 8... cxd4 9. exd4 Bd7 10. a3 Be7 11. h4 Rc8 12. h5 h6 13. Bg2 Na7 14. O-O Nb5 15. Kh1 (15. Nxb5 $11 Bxb5 16. Rfe1) 15... Nxc3 $17 16. Nxc3 Bc6 17. Rfe1 O-O 18. Ne2 Bd6 19. c3 a5 20. Be5 Bxe5 21. dxe5 Nd7 22. Nd4 Qh4+ 23. Kg1 Qg3 24. Qf2 Qxf2+ (24... Qf4 $5 ) 25. Kxf2 Nc5 26. Ke3 {[%emt 0:00:44] Prevents Nd3.} Rce8 27. b4 Na4 28. Rec1 ({Much weaker is} 28. bxa5 Ra8 $11) 28... f6 29. f4 {[%emt 0:00:07] Threatening c4.} ({Reject} 29. bxa5 fxe5 30. Nxc6 bxc6 $17) 29... fxe5 30. fxe5 Kf7 $2 (30... Nb6 $11) 31. Bf1 ({Don't do} 31. bxa5 $6 Nc5 $16) (31. c4 $18) 31... Bd7 $16 32. Rab1 {[%emt 0:00:10] White is more active.} (32. Nb5 $16) 32... axb4 $14 33. Rxb4 {[%emt 0:00:42] [#] Bb5 is the strong threat.} Nc5 34. Bd3 {[%emt 0:00:12] And now Bg6+ would win.} Ke7 35. Nb3 Nxb3 36. Rxb3 Bc6 37. Rcb1 Ra8 38. Bb5 {[%emt 0:00:18] aiming for Bxc6.} Rfd8 $2 (38... Kf7 $14) 39. Bxc6 $18 bxc6 {[%emt 0:00:01][%mdl 4096] Endgame KRR-KRR} 40. Rb7+ Rd7 {[%emt 0:00:01] [#]} 41. Rxd7+ $1 Kxd7 {KR-KR} 42. Rb7+ Ke8 43. Rxg7 {[%emt 0:00:05] White wants to mate with Rg8+.} Rxa3 44. Kd2 ({White should play} 44. Rg6 $18) 44... Ra4 $11 {[%emt 0:00:02] The position is equal.} 45. g5 hxg5 46. h6 Kf8 (46... Rh4 $2 47. h7 $18) 47. Rc7 {[%emt 0:00:28] Black must now prevent Rc8+.} Rh4 48. h7 c5 49. Ke3 Re4+ 50. Kf3 Rh4 51. Ke3 Re4+ {[%emt 0:00:01] White really could win this.  Weighted Error Value: White=0.20 (precise) /Black=0.26 (precise)} 1/2-1/2

[Event "German Rapid Championship 2022"]
[Site "Goettingen"]
[Date "2022.09.24"]
[Round "3.11"]
[White "Laux, Dominik"]
[Black "Kersten, Uwe"]
[Result "1-0"]
[ECO "A40"]
[WhiteElo "2248"]
[BlackElo "2261"]
[Annotator "TA"]
[PlyCount "65"]
[EventDate "2022.09.24"]
[EventType "swiss"]
[EventCountry "GER"]
[SourceTitle "playchess.com"]
[Source "ChessBase"]
[SourceQuality "1"]
[TimeControl "900+10"]

1. d4 e6 2. Nf3 c5 3. c4 Nf6 4. Nc3 cxd4 5. Nxd4 a6 6. g3 Qc7 7. Qd3 b6 {[%emt 0:00:03] A32: Symmetrical English: 2 Nf3 Nf6 3 d4 cxd4 4 Nxd4 e6.} 8. Bg2 Bb7 9. O-O Bxg2 {[%emt 0:00:17] White has an edge.} 10. Kxg2 Nc6 11. b3 Nxd4 12. Qxd4 {[%emt 0:00:04] [#]} b5 $146 ({Predecessor:} 12... Qc6+ 13. f3 Be7 14. Bb2 O-O 15. Rac1 Rfd8 16. Rfd1 Qb7 17. e4 d6 18. a4 Nd7 {0-1 (62) Schroll,G (2385)-Bischoff,K (2515) Austria 1994}) 13. cxb5 {[%emt 0:00:30] Active counter play!} axb5 14. Bg5 Be7 15. e4 Qb7 16. Kg1 b4 17. e5 Nd5 18. Nxd5 Qxd5 19. Qf4 $36 {[%emt 0:00:49][%mdl 2048] Threatens to win with Bxe7. White is more active.} Bxg5 20. Qxg5 O-O 21. Rfd1 Qb5 22. Qf4 Ra5 23. Rd4 Qxe5 (23... Rb8 $11 {remains equal.}) 24. Qxe5 $16 Rxe5 25. Rxb4 $11 {[%emt 0:00:01][%mdl 4096] Endgame KRR-KRR} Rc8 $2 {[%emt 0:01:12] A mistake that costs the game.} (25... Ra5 $16) 26. a4 $18 Ra5 {[%emt 0:00:48] [#]} 27. Rb7 {[%emt 0:00:08] Prevents Ra7. Hoping for b4.} g5 {[%emt 0:01:01] [#]} 28. b4 $1 (28. Rxd7 Rb8 $16) 28... Rd5 (28... Ra6 29. a5 (29. Rxd7 Rb8 $18) 29... Rca8 30. Rxd7 Rb8) 29. a5 {[%emt 0:00:13] White is clearly winning.} Rd2 30. a6 Rcc2 31. a7 Rxf2 32. a8=Q+ Kg7 33. Rxd7 {[%emt 0:00:04] Weighted Error Value: White=0.04 (flawless) /Black=0.24 (precise)} 1-0

[Event "German Rapid Championship 2022"]
[Site "Goettingen"]
[Date "2022.09.24"]
[Round "3.12"]
[White "Hoepfl, Thomas"]
[Black "Karsay, Pascal"]
[Result "1-0"]
[ECO "C88"]
[WhiteElo "2279"]
[BlackElo "2269"]
[Annotator "TA"]
[PlyCount "81"]
[EventDate "2022.09.24"]
[EventType "swiss"]
[EventCountry "GER"]
[SourceTitle "playchess.com"]
[Source "ChessBase"]
[SourceQuality "1"]
[TimeControl "900+10"]

1. e4 e5 2. Nf3 Nc6 3. Bb5 a6 4. Ba4 Nf6 5. O-O Be7 6. Re1 b5 7. Bb3 O-O 8. a4 {[%emt 0:00:17] is cutting edge theory.} Bb7 9. d3 d5 10. exd5 {[%emt 0:01:56] C88: Closed Ruy Lopez: Anti-Marshall Systems.} Nxd5 11. axb5 (11. Nxe5 {looks sharper.} Nd4 12. c3 Nxb3 13. Qxb3 Bd6 14. axb5 axb5 15. Rxa8 Qxa8 16. Qxb5 Nb6 17. f3) 11... axb5 12. Rxa8 {[%emt 0:00:01] White is slightly better.} Bxa8 13. Nc3 Nxc3 14. bxc3 {[%emt 0:00:02] [#]} Bd6 $146 ({Predecessor:} 14... b4 15. Bd2 bxc3 16. Bxc3 Bc5 17. Bxe5 Nxe5 18. Rxe5 Qd6 19. Qe2 Bxf3 20. gxf3 Qg6+ {½-½ (31) Zapata,A (2422)-Huston,G (2078) Charlotte 2021}) 15. Ng5 h6 16. Ne4 Na5 $1 17. Ba2 c5 (17... Bxe4 $11 {remains equal.} 18. Rxe4 Qf6) 18. Qg4 $16 {[%emt 0:00:47] White threatens Bxh6 and mate. White is more active.} Kh8 (18... Bxe4 $16 19. dxe4 (19. Rxe4 c4 $16) 19... h5 20. Qxh5 c4) 19. Qh5 {[%emt 0:00:38][%cal Oc1h6] Bxh6! is the strong threat.} Bxe4 20. Rxe4 {[%emt 0:00:13][%cal Oc1h6] Hoping for Bxh6!} Qf6 21. h4 (21. Bd5 $16) 21... c4 $11 22. dxc4 bxc4 23. Bxc4 Nxc4 24. Rxc4 Ra8 {[%emt 0:00:56] aiming for ...Ra1.} 25. Be3 Qe6 (25... Ra1+ $15 26. Kh2 Qe6) 26. Qe2 $1 Ra1+ {[%emt 0:00:24][%mdl 1024] Black has compensation.} 27. Kh2 f5 28. Bc5 Bc7 {[%emt 0:01:41] White must now prevent ...Qa6.} 29. g3 $1 Qd5 (29... Qc6 $5 30. f3 $8 Qb5 $11) 30. f3 Rd1 (30... Qc6 $11) 31. Be3 $1 $14 Bb6 32. Rc8+ $2 (32. Bxb6 $2 Rd2 33. Rc8+ Kh7 $19) (32. Bd4 $1 $18 {is the precise move to win.}) 32... Kh7 $16 {[%emt 0:00:01] [#] And now ...Bxe3 would win.} 33. Bd4 ({Don't go for} 33. Bxb6 $2 Rd2 34. Qxd2 Qxd2+ 35. Kh1 Qe1+ 36. Kg2 e4 $19) 33... Rxd4 (33... Rc1 $16 34. Qxe5 (34. Bxb6 $2 Qa2 $19) 34... Qxe5 35. Bxe5 Rxc2+ 36. Kh3 Re2) 34. cxd4 $18 Qxd4 $16 {[%emt 0:00:05][%mdl 4096] Endgame ( -> ...Qg1+). KQR-KQB} 35. Qg2 {[%emt 0:00:42] Against Qg1+} e4 $2 {[%emt 0:00:50] [#]} (35... h5 36. Qf1 g6) 36. fxe4 $1 $18 fxe4 37. Re8 e3 38. Qe4+ Qxe4 39. Rxe4 Kg6 40. Kg2 (40. Re6+ $142 Kf5 41. Rxb6 e2 42. Rb1 Ke4 43. Kg2 Ke3 44. Re1 Kd4 45. Rxe2) 40... Kf5 41. Kf3 {[%emt 0:00:02] Weighted Error Value: White=0.23 (precise) /Black=0.80} 1-0

[Event "German Rapid Championship 2022"]
[Site "Goettingen"]
[Date "2022.09.24"]
[Round "3.13"]
[White "Knuedel, Torben"]
[Black "Voigt, Martin"]
[Result "1-0"]
[ECO "B12"]
[WhiteElo "2221"]
[BlackElo "2319"]
[Annotator "TA"]
[PlyCount "85"]
[EventDate "2022.09.24"]
[EventType "swiss"]
[EventCountry "GER"]
[SourceTitle "playchess.com"]
[Source "ChessBase"]
[SourceQuality "1"]
[TimeControl "900+10"]

1. e4 c6 2. d4 d5 3. f3 dxe4 4. fxe4 e5 5. Nf3 Bg4 6. Bc4 Nd7 7. c3 {[%emt 0:00:08] B12: Caro-Kann: Advance Variation.} b5 {[%emt 0:00:10] Recently 7...Bd6 got a lot of attention.} 8. Bb3 Ngf6 9. O-O {[%emt 0:00:03] The position is equal.} Bd6 10. Qe1 O-O 11. Bg5 Bh5 {[%emt 0:00:31] [#]} (11... Bxf3 $11 {was preferrable.} 12. gxf3 c5) 12. Nbd2 $146 {[%emt 0:00:13] And now Nxe5 would win.} ({Predecessor:} 12. Qh4 Bg6 13. Nbd2 Qc7 14. dxe5 Bxe5 15. Nxe5 Qxe5 16. Rae1 h6 17. Nf3 Qc5+ 18. Be3 {1-0 (29) Beerdsen,T (2460)-Miedema,D (2379) Hoogeveen 2018}) 12... c5 {[%emt 0:00:18] White now steadily converts the win.} (12... a5 $14) 13. Bd5 ({White should play} 13. Nxe5 $18 Nxe5 14. Bxf6 gxf6 15. dxe5 Bxe5 16. Bd5) 13... Rb8 $2 (13... cxd4 $1 $14 14. Bxa8 (14. cxd4 Rc8 $11) 14... dxc3) 14. dxe5 $18 Nxe5 15. Nxe5 Bxe5 16. Rf5 Qd6 17. Bxf6 Bxh2+ 18. Kh1 Bg6 {[%emt 0:01:28] [#]} 19. Rf3 Bf4 (19... gxf6 {was necessary.} 20. g3 f5 21. Kxh2 Rfe8) 20. Qf2 Bh6 21. Bh4 Rb6 (21... Rbe8 {was worth a try.} 22. Rf1 Bxd2 23. Qxd2 Kh8) 22. Rf1 Bxd2 23. Qxd2 h6 24. Qf4 Qxf4 25. Rxf4 Kh7 26. Be7 Rc8 27. Bxf7 Bxf7 28. Rxf7 Rg6 29. e5 c4 30. Bd6 a6 31. Rc7 Re8 32. Rff7 Ree6 33. Rce7 Rxe7 34. Rxe7 {[%emt 0:00:02][%mdl 4096] Endgame KRB-KR} Rg4 35. Bc5 Re4 36. Bd4 Kg6 37. Re6+ Kf5 38. Rxa6 g6 39. Rb6 Re2 40. Rxb5 Kg4 41. Kh2 {[%emt 0:00:01] [#] White threatens a4 and mate.} h5 42. e6 h4 43. Re5 {[%emt 0:00:14] Weighted Error Value: White=0.23 (precise) /Black=0.58} 1-0

[Event "German Rapid Championship 2022"]
[Site "Goettingen"]
[Date "2022.09.24"]
[Round "4.1"]
[White "Bluebaum, Matthias"]
[Black "Poetsch, Hagen"]
[Result "1-0"]
[ECO "E43"]
[WhiteElo "2647"]
[BlackElo "2491"]
[Annotator "TA"]
[PlyCount "53"]
[EventDate "2022.09.24"]
[EventType "swiss"]
[EventCountry "GER"]
[SourceTitle "playchess.com"]
[Source "ChessBase"]
[SourceQuality "1"]
[TimeControl "900+10"]

1. d4 Nf6 2. c4 e6 3. Nc3 Bb4 4. e3 b6 5. Bd3 Bb7 6. Nf3 O-O 7. O-O Bxc3 8. bxc3 d6 9. Nd2 Nbd7 10. e4 {[%emt 0:00:06] E43: Nimzo-Indian: Rubinstein: 4...b6.} e5 11. f4 (11. Re1 $14) 11... Qe7 12. Qf3 {[%emt 0:00:38] White is slightly better.} Rfe8 13. Re1 {[%emt 0:00:43] [#]} exd4 $146 (13... exf4 $11 {keeps the balance.} 14. Qxf4 Nf8) ({Predecessor:} 13... Nf8 14. fxe5 dxe5 15. d5 Ng6 16. Nb3 c6 17. a4 Rac8 18. Ba3 Qd7 19. Bf1 Ba6 {½-½ (28) Taras,I-Kurpnieks,V (2070) ICCF email 2005}) 14. cxd4 $16 d5 15. cxd5 Nxd5 16. Bb2 (16. e5 $1 $16) 16... Qb4 $14 17. Nb3 $1 {[%emt 0:01:54] Strongly threatening Qg3.} ({Stronger than} 17. exd5 Qxb2 18. Nb3 Rxe1+ 19. Rxe1 Qa3 $17) 17... f5 ({Black should try} 17... a5 $1 $14) 18. e5 $18 {[%emt 0:00:38][%cal Od3a6] aiming for Ba6!} g6 $2 {[%emt 0:01:04] [#]} (18... Rad8 19. Bxf5 Nf8) 19. Rac1 $2 (19. Ba6 $1 $18 Bc6 (19... Bxa6 20. Qxd5+) 20. Rec1) 19... Nf8 $14 20. g4 ({White should play} 20. g3 $14) 20... Ne6 21. gxf5 Ndxf4 {[%emt 0:00:11][%mdl 8192] Pair of Knights!} (21... gxf5 $11 22. Bxf5 Kh8) 22. Qxb7 $18 Nxd3 23. fxe6 {[%emt 0:00:12][%cal Ob2a3] Threatens to win with Ba3! Dancing on a razor blade.} Nxb2 (23... Nxe1 {is a better defense.} 24. Bc3 (24. Qxc7 Nf3+ 25. Kh1 Ng5 $17) (24. Rxc7 Qf8 $16) 24... Qe7) 24. Rf1 Rf8 (24... Rab8 $18 25. Qg2 Rbc8 26. Qxb2 Rxe6) 25. Rxc7 Rxf1+ 26. Kxf1 {[%emt 0:00:02] Threatening mate with Rg7+.} Rf8+ 27. Kg2 {[%emt 0:00:42] Weighted Error Value: White=0.56/Black=1.40} 1-0

[Event "German Rapid Championship 2022"]
[Site "Goettingen"]
[Date "2022.09.24"]
[Round "4.2"]
[White "Lubbe, Nikolas"]
[Black "Krastev, Alexander"]
[Result "0-1"]
[ECO "A61"]
[WhiteElo "2479"]
[BlackElo "2431"]
[Annotator "TA"]
[PlyCount "96"]
[EventDate "2022.09.24"]
[EventType "swiss"]
[EventCountry "GER"]
[SourceTitle "playchess.com"]
[Source "ChessBase"]
[SourceQuality "1"]
[TimeControl "900+10"]

1. d4 Nf6 2. Nf3 e6 3. c4 c5 4. d5 d6 5. Nc3 exd5 6. cxd5 g6 7. e3 {[%emt 0:00:03] A61: Modern Benoni: Nf3 without early e4.} Bg7 8. Be2 O-O 9. O-O {[%emt 0:00:03] White is slightly better.} Re8 10. Nd2 Nbd7 11. e4 a6 12. a4 $1 {[%emt 0:00:02] Prevents b5.} Rb8 13. Qc2 Ne5 14. h3 g5 {[%emt 0:00:03] [#]} 15. Nc4 $146 ({Predecessor:} 15. Nf3 Nxf3+ 16. Bxf3 g4 17. hxg4 Bxg4 18. Qd1 h5 19. Bg5 Qd7 20. Qd3 b5 21. axb5 axb5 22. Bxg4 hxg4 {0-1 (42) Lovkov,R (2435)-Zhou,W (2593) St Petersburg 2009}) 15... Nxc4 16. Bxc4 g4 17. hxg4 Nxg4 18. Bf4 Qf6 19. Qd2 Bd7 20. Be2 Qg6 $40 {[%emt 0:04:20][%mdl 128] Black mounts an attack.} 21. Bxg4 Bxg4 22. f3 Bd7 23. Ne2 (23. Rfe1 $11 {remains equal.}) 23... b5 $17 {[%emt 0:00:19] Black is more active.} 24. a5 f5 25. exf5 (25. Ng3 $17 {keeps fighting.}) 25... Bxf5 $19 26. Rfe1 (26. Rf2 $17 {was worth a try.}) 26... Bd3 {[%emt 0:02:48] This bishop pair is nice.} 27. Ng3 c4 {[%emt 0:00:02] Strongly threatening ...b4.} 28. Ne4 $2 (28. Rxe8+ Rxe8 29. Re1) 28... Bxe4 29. fxe4 Rxe4 30. Rxe4 Qxe4 31. Rd1 Rd8 (31... Re8 $142 32. Bxd6 Qg4) 32. Bh6 {[%emt 0:00:29] [#]} Bf6 {[%emt 0:01:09] Inhibits Qg5+.} ({Black should try} 32... Re8 $1 $19 {And now ...Qg4 would win.} 33. Bxg7 Kxg7 34. Qg5+ Qg6) 33. Qf2 $2 {[%emt 0:00:09][%mdl 8192] This costs White the game.} (33. Bg5 $15 Rf8 34. Bxf6 Rxf6 35. Re1) 33... Qg6 34. Bf4 Bg7 35. Qb6 Re8 ({Weaker is} 35... Qf6 36. Be3 $17) 36. Qxd6 (36. Rf1 $142 Qd3 37. Qc6) 36... Qxd6 (36... Qg4 $142 {( -> ...Bd4+)} 37. Rf1 Bd4+ 38. Be3 Bxe3+ 39. Kh1 Bd4) 37. Bxd6 Bxb2 {[%emt 0:00:02][%mdl 4096] [#] Endgame ...c3 is the strong threat. KRB-KRB} 38. Bf4 c3 39. d6 c2 40. Rf1 Rd8 41. Kf2 b4 (41... Rf8 $142 42. Kg3 Be5) 42. Ke2 b3 43. Kd3 Bf6 44. g4 Be7 45. Kc3 Bxd6 46. Bh6 Rb8 47. Kb2 Be5+ 48. Kc1 Rc8 {[%emt 0:00:02] Weighted Error Value: White=0.91/Black=0.61} 0-1